AoeStats
← PROJECTX

Nomad

509445159Analyzed
4v4 RM · 6d ago on Sep 26, 2026· 47m 10s· 8 players
Game mode
Random Map
Map size
231×231
Population
200
Speed
Normal
Resources
Standard
Victory
Conquest
Starting age
Dark Age
Ending age
Imperial Age
RankedLock teamsTeams togetherTeam positionsShared explorationLock speedFull tech treeHidden civsTurbo modeCheats
Victory
Defeat
🇺🇸 Dravidians · United States
1088
+14
🇺🇸 Maya · United States
1050
+15
🇺🇸 Japanese · United States
1032
+16
🇺🇸 Huns · United States
975
+19
🇩🇪 Persians · Germany
1077
-18
🇹🇼 Vietnamese · Taiwan
1053
-17
🇨🇱 Saxons · Chile
1033
-16
🇩🇪 Sicilians · Germany
957
-13
scott.hurstell
4:10 Loom
17:00 Feudal Age
18:05 Double-Bit Axe
18:03 Horse Collar
20:44 Wheelbarrow
22:34 Castle Age
21:39 Stone Mining
22:03 Forging
21:53 Scale Mail Armor
21:40 Arson
25:02 Bow Saw
24:18 Demolition Ship
25:11 Medium Warships
25:59 Gold Mining
27:59 Gold Shaft Mining
28:03 Iron Casting
27:46 Chain Mail Armor
32:13 Heavy Plow
34:55 Imperial Age
35:00 Elite Samurai
36:01 Conscription
37:42 Blast Furnace
37:17 Fletching
39:19 Fishing Lines
43:42 Plate Mail Armor
44:02 Squires
NoLawsClaws
6:03 Loom
15:03 Feudal Age
15:30 Double-Bit Axe
15:36 Stone Mining
16:18 Gold Mining
16:17 Fishing Lines
23:02 Castle Age
24:50 Gillnets
27:37 Wheelbarrow
29:29 Bow Saw
30:44 Hand Cart
31:16 Fletching
31:32 Scale Barding Armor
33:01 Ballistics
32:38 Murder Holes
32:40 Bodkin Arrow
33:06 Chain Barding Armor
33:36 Fortified Wall
36:51 Imperial Age
35:53 Caravan
36:23 Coinage
37:16 Elite Elephant Archer
38:05 Bracer
38:49 Conscription
42:49 Thumb Ring
43:42 Wootz Steel
43:28 Medical Corps
48:31 Two-Man Saw
48:37 Chemistry
The Lemons
3:16 Loom
14:58 Feudal Age
16:47 Double-Bit Axe
17:23 Fletching
20:11 Castle Age
21:19 Bodkin Arrow
20:46 Crossbowman
21:27 Gold Mining
24:15 Padded Archer Armor
24:29 Thumb Ring
25:08 Bow Saw
25:33 Ballistics
25:59 Leather Archer Armor
26:26 Bow Saw
28:55 Town Watch
31:21 Wheelbarrow
40:20 Imperial Age
38:29 Forging
42:01 Iron Casting
46:15 Arbalester
Dragonfire_bane
5:18 Loom
13:40 Feudal Age
14:28 Double-Bit Axe
14:27 Fishing Lines
15:06 Gold Mining
15:32 Horse Collar
17:08 Fletching
22:43 Castle Age
22:34 Padded Archer Armor
22:50 Crossbowman
23:37 Thumb Ring
24:02 Bodkin Arrow
26:14 Heavy Plow
27:00 Ballistics
30:53 Leather Archer Armor
31:20 Wheelbarrow
32:50 Gillnets
33:34 Bow Saw
33:06 Light Cavalry
33:57 Bloodlines
37:08 Husbandry
37:21 Forging
39:54 Imperial Age
41:56 Two-Man Saw
44:42 Chemistry
43:59 Hand Cart
44:23 Iron Casting
43:54 Scale Barding Armor
44:26 Bracer
44:42 Murder Holes
47:26 Town Watch
PROJECTX
11:39 Loom
14:23 Feudal Age
21:28 Castle Age
19:39 Double-Bit Axe
19:41 Fishing Lines
26:01 Bloodlines
28:42 Scale Barding Armor
31:11 Gold Mining
33:28 Husbandry
33:46 Forging
34:49 Elite Skirmisher
39:34 Wheelbarrow
45:26 Hand Cart
William
6:28 Loom
16:39 Feudal Age
17:51 Fishing Lines
20:59 Scale Barding Armor
22:33 Forging
26:30 Castle Age
26:59 Scale Mail Armor
27:03 Padded Archer Armor
26:55 Fletching
27:39 Elite Skirmisher
28:29 Husbandry
28:48 Bloodlines
29:43 Gillnets
32:16 Wheelbarrow
33:49 Medium Warships
danieleduka
6:10 Loom
14:05 Feudal Age
17:30 Double-Bit Axe
22:25 Castle Age
22:51 Crossbowman
23:37 Thumb Ring
25:50 Bow Saw
34:27 Imperial Age
33:00 Fletching
33:16 Scale Barding Armor
34:48 Gold Mining
36:27 Cranequins
37:39 Elite Skirmisher
37:41 Heavy Mounted Crossbowman
39:58 Elite Varangian Guard
42:42 Thumb Ring
46:18 Imperial Skirmisher
Kim-Jong-Kill
4:47 Loom
14:42 Feudal Age
22:31 Castle Age
21:48 Double-Bit Axe
22:50 Fletching
24:11 Wheelbarrow
24:39 Gold Mining
25:30 Scale Mail Armor
25:41 Forging
28:13 Bloodlines
28:03 Husbandry
29:32 Chain Mail Armor
29:52 Iron Casting
29:25 Scale Barding Armor
32:56 Chain Barding Armor
35:31 Bodkin Arrow
Connection lost

Rejoining the realm…

Still unreachable

The connection could not be restored.

Session expired

The server has moved on; the page needs a fresh start.